 Dungeon Crawl Stone Soup version 0.30-b1-2-g02819fbbbe (webtiles) character file.

Game seed: 7360582810244157063

2634 erloom the Martial Artist (level 9, -11/68 HPs)
             Began as a Gnoll Transmuter on May 18, 2023.
             Was an Initiate of Gozag.
             Mangled by a manticore (13 damage)
             ... on level 8 of the Dungeon.
             The game lasted 00:18:10 (7959 turns).

erloom the Martial Artist (Gnoll Transmuter)        Turns: 7959, Time: 00:18:11

Health: -11/68     AC:  2    Str: 10    XL:     9   Next: 61%
Magic:  17/19      EV: 24    Int: 16    God:    Gozag
Gold:   863        SH:  5    Dex: 18    Spells: 17/21 levels left

rFire   . .          .
                       - Unarmed
rCold   . . .        L - melded +2 buckler {rC+}
rNeg    . . .        N - melded +4 ring mail {rPois}
rPois   x            M - melded +0 helmet
rElec   .            J - melded +0 cloak
rCorr   .            (gloves currently unavailable)
SInv    .            (boots currently unavailable)
Will    .....        m - amulet of reflection
Stlth   +++          S - ring of flight
HPRegen 0.31/turn    (no ring)
MPRegen 0.16/turn

%: reflection
@: spider-form, flying
A: venomous fangs, tiny, (fangs 1), strong nose, distributed training
a: End Transformation, Renounce Religion, Potion Petition, Call Merchant, Bribe
Branch


You were on level 8 of the Dungeon.
You worshipped Gozag.
Gozag was pleased with you.
You were a venomous arachnid creature.
You visited 2 branches of the dungeon, and saw 9 of its levels.
You also visited: Sewer.

You collected 1081 gold pieces.
You spent 162 gold pieces at shops.
You paid 56 gold pieces to Gozag.

Inventory:

Hand Weapons
 d - a +0 sling
 l - a +0 sling of draining
 y - a +3 flail of protection
Missiles
 g - 66 stones
 E - 7 boomerangs
Armour
 a - a +0 robe
 i - a +0 chain mail
 j - a +0 chain mail of willpower
 r - a +2 robe
 C - the +4 ring mail of Dukhlucva {SInv}
   (You bought it in a shop on level 5 of the Dungeon)

   SInv:      It lets you see invisible.
 J - a +0 cloak (melded)
 L - a +2 buckler of cold resistance (melded)
 M - a +0 helmet (melded)
 N - a +4 ring mail of poison resistance (melded)
Magical Staves
 H - a staff of death
 R - a staff of cold
Jewellery
 m - an amulet of reflection (around neck)
 u - a ring of fire
 S - a ring of flight (left front pincers)
Wands
 t - a wand of polymorph (3)
 w - a wand of flame (44)
 x - a wand of light (2)
Scrolls
 c - 2 scrolls of noise {unknown}
 e - 8 scrolls of identify {unknown}
 f - 3 scrolls of teleportation {unknown}
 p - 3 scrolls of blinking {unknown}
 q - 3 scrolls of vulnerability {unknown}
 v - 3 scrolls of immolation
 D - a scroll of poison {unknown}
 F - a scroll of fog {unknown}
 G - 2 scrolls of amnesia {unknown}
 I - a scroll of brand weapon {unknown}
 O - 2 scrolls of enchant weapon {unknown}
 Q - a scroll of summoning {unknown}
Potions
 b - 2 potions of lignification
 h - a potion of might {unknown}
 k - a potion of degeneration {unknown}
 n - a potion of magic {unknown}
 o - 2 potions of cancellation {unknown}
 s - 3 potions of curing {unknown}
 z - 2 potions of brilliance {unknown}
 A - 2 potions of ambrosia {unknown}
 B - a potion of haste {unknown}
 K - 2 potions of berserk rage
 P - a potion of mutation {unknown}


   Skills:
 + Level 5.3 Fighting
 + Level 4.5 Short Blades
 + Level 4.5 Long Blades
 + Level 4.5 Axes
 + Level 4.5 Maces & Flails
 + Level 4.5 Polearms
 + Level 4.5 Staves
 + Level 4.5 Ranged Weapons
 + Level 4.5 Throwing
 + Level 4.5 Armour
 + Level 6.5 Dodging
 + Level 4.5 Stealth
 + Level 4.5 Shields
 + Level 8.1 Unarmed Combat
 + Level 6.8 Spellcasting
 + Level 3.8 Conjurations
 + Level 3.8 Hexes
 + Level 3.8 Summonings
 + Level 3.8 Necromancy
 + Level 3.8 Translocations
 + Level 5.4 Transmutations
 + Level 3.8 Fire Magic
 + Level 3.8 Ice Magic
 + Level 3.8 Air Magic
 + Level 3.8 Earth Magic
 + Level 3.8 Poison Magic
 + Level 5.0 Invocations
 + Level 4.5 Evocations


You had 17 spell levels left.
You knew the following spells:

 Your Spells              Type           Power      Damage    Failure   Level
a - Beastly Appendage     Tmut           44%        N/A       6%          1
b - Spider Form           Tmut/Pois      20%        N/A       16%         3

Your spell library contained the following spells:

 Spells                   Type           Power      Damage    Failure   Level
 Wereblood                Tmut           22%        N/A       8%          2
 Ice Form                 Ice/Tmut       20%        N/A       38%         4


Dungeon Overview and Level Annotations

Branches:
Dungeon (8/15)             Temple (1/1) D:4           Sewer (visited)
   Lair: D:8-11

Altars:
Ashenzari
Cheibriados
Dithmenos
Elyvilon
Fedhas
Gozag
Hepliaklqana
Kikubaaqudgha
Makhleb
Okawaru
Qazlal
Ru
Sif Muna
Trog
Uskayaw
Vehumet
Wu Jian
Xom
Yredelemnul
Zin
The Shining One

Shops:
D:1 [   D:5 [

Annotations:
D:4 3 runed translucent doors, dakkaduck's ghost, novice MiBe
D:5 1 runed translucent door, Dirian's ghost, novice MiBe


Innate Abilities, Weirdness & Mutations

You are a venomous arachnid creature.
You have venomous fangs.
You are tiny and dextrous.
Your spellcasting is less reliable in this form.
Your armour is entirely melded.
You are incapable of wielding weapons or throwing items.
((You have very sharp teeth.))
Your uncanny sense of smell can sniff out nearby items.
Your experience applies equally to all skills.


Message History

Press: ? - help, . - travel You can't see that place. [the floor.] Unknown command.
Casting: Beastly Appendage (safe; 4% risk of failure)
Confirm with . or Enter, or press ? or * to list all spells.
You turn into a venomous arachnid creature.
Your +0 cloak melds into your body.
Your +0 helmet melds into your body.
Your +2 buckler of cold resistance melds into your body.
Your +4 ring mail of poison resistance melds into your body.
You feel less resistant to cold.
You no longer feel resistant to poison.
You barely miss the manticore. The manticore bites you!!
The manticore closely misses you. x2
You hit the manticore but do no damage.
The manticore is poisoned.
The manticore bites you! The manticore claws you!
The manticore closely misses you.
You hit the manticore.
The manticore is lightly wounded.
The manticore misses you. You block the manticore's attack.
The manticore barely misses you.
You bite the manticore!
The manticore looks as sick as possible!
The manticore is moderately wounded.
You bite the manticore!
The manticore looks as sick as possible!
The manticore is heavily wounded.
The manticore misses you. The manticore completely misses you. x2
You barely miss the manticore.
The manticore is heavily wounded.
The manticore bites you!
* * * LOW HITPOINT WARNING * * *
The manticore completely misses you. You block the manticore's attack.
You hit the manticore.
The manticore looks as sick as possible!
The manticore is heavily wounded.
The manticore bites you!
* * * LOW HITPOINT WARNING * * *
The manticore misses you. The manticore claws you!
You die...
Your body crumbles into a pile of gold.

### ..# ###.# #..#∆
..#H# #..# # #.#.#
####..# #.##.#.# .....#
#....#?# #...#.#.##s#.#
#...#......H.#
#######...#####.#######
........>..............
..#.###..#######.######
...................
....###..#######.###
....# #..# .# ...##
#..# .#


You could see a manticore (extremely poisoned).

Vanquished Creatures
  Prince Ribbit (D:5)
  Grinder (D:3)
  Sigmund (D:3)
  Edmund (D:5)
  A water moccasin (Sewer)
  3 orc warriors
  An ice beast (D:8)
  A sky beast (D:6)
  An ogre (D:6)
  3 centaurs
  A phantom (D:6)
  A kobold brigand (D:5)
  A bullfrog (D:7)
  A scorpion (D:6)
  2 hounds
  5 iguanas
  5 jellies
  Jessica (D:3)
  2 sleepcaps
  Natasha (twice) (D:3 D:2)
  5 orc wizards
  2 adders
  8 gnolls
  A river rat (D:6)
  2 white imps
  4 ufetubi
  A worm (D:5)
  2 dart slugs
  20 orcs
  12 bats
  3 endoplasms
  A giant cockroach (D:1)
  5 goblins
  4 hobgoblins
  2 jackals (D:3)
  A quokka (D:4)
  5 ball pythons
  2 frilled lizards
  12 kobolds
  6 rats
133 creatures vanquished.

Vanquished Creatures (others)
  An orc (D:6)
  2 plants (D:2)
3 creatures vanquished.

Grand Total: 136 creatures vanquished

Notes
Turn   | Place    | Note
-------+----------+-------------------------------------------
     0 | D:1      | erloom the Gnoll Transmuter began the quest for the Orb.
     0 | D:1      | Reached XP level 1. HP: 17/17 MP: 6/6
    70 | D:1      | Found Vaet's Armour Emporium.
   287 | D:1      | Reached XP level 2. HP: 23/23 MP: 7/7
  1038 | D:2      | Reached skill level 5 in Spellcasting
  1038 | D:2      | Reached XP level 3. HP: 27/28 MP: 7/9
  1209 | D:2      | Reached skill level 1 in Invocations
  1727 | D:3      | Noticed Natasha
  1732 | D:3      | Killed Natasha
  1733 | D:3      | Reached skill level 1 in Short Blades
  1733 | D:3      | Reached skill level 1 in Long Blades
  1733 | D:3      | Reached skill level 1 in Axes
  1733 | D:3      | Reached skill level 1 in Maces & Flails
  1733 | D:3      | Reached skill level 1 in Polearms
  1733 | D:3      | Reached skill level 1 in Staves
  1733 | D:3      | Reached skill level 1 in Ranged Weapons
  1733 | D:3      | Reached skill level 1 in Throwing
  1733 | D:3      | Reached skill level 1 in Armour
  1733 | D:3      | Reached skill level 1 in Stealth
  1733 | D:3      | Reached skill level 1 in Shields
  1733 | D:3      | Reached skill level 1 in Evocations
  1733 | D:3      | Reached XP level 4. HP: 28/34 MP: 9/11
  1818 | D:3      | Noticed Sigmund
  1929 | D:3      | Noticed Natasha
  1939 | D:2      | Killed Natasha
  1940 | D:2      | Reached skill level 1 in Conjurations
  1940 | D:2      | Reached skill level 1 in Hexes
  1940 | D:2      | Reached skill level 1 in Summonings
  1940 | D:2      | Reached skill level 1 in Necromancy
  1940 | D:2      | Reached skill level 1 in Translocations
  1940 | D:2      | Reached skill level 1 in Fire Magic
  1940 | D:2      | Reached skill level 1 in Ice Magic
  1940 | D:2      | Reached skill level 1 in Air Magic
  1940 | D:2      | Reached skill level 1 in Earth Magic
  1940 | D:2      | Reached skill level 1 in Poison Magic
  2160 | D:3      | Noticed Jessica
  2173 | D:3      | Killed Jessica
  2174 | D:3      | Reached XP level 5. HP: 10/40 MP: 12/12
  2294 | D:3      | Learned a level 3 spell: Spider Form
  2354 | D:3      | Noticed Grinder
  2438 | D:4      | Found a staircase to the Ecumenical Temple.
  2452 | Temple   | Entered the Ecumenical Temple
  2550 | Temple   | Became a worshipper of Gozag Ym Sagoz the Greedy
  2713 | D:4      | Found a runed translucent gate.
  2713 | D:4      | Found a runed translucent gate.
  2713 | D:4      | Found a runed translucent gate.
  2714 | D:4      | Noticed dakkaduck's ghost (novice MiBe)
  3226 | D:3      | Paralysed by Grinder for 2 turns
  3234 | D:3      | Killed Grinder
  3235 | D:3      | Reached skill level 5 in Dodging
  3235 | D:3      | Reached XP level 6. HP: 15/47 MP: 14/14
  3481 | D:3      | Killed Sigmund
  3482 | D:3      | Reached skill level 7 in Unarmed Combat
  3482 | D:3      | Reached XP level 7. HP: 52/52 MP: 13/15
  3783 | D:5      | Entered Level 5 of the Dungeon
  3803 | D:5      | Noticed Edmund
  3826 | D:5      | Killed Edmund
  4015 | D:5      | Found Suapt's Antique Armour Boutique.
  4025 | D:5      | Bought a spiked ring mail for 162 gold pieces
  4025 | D:5      | Identified the +4 ring mail of Dukhlucva {SInv} (You bought
                  | it in a shop on level 5 of the Dungeon)
  4615 | D:5      | Reached XP level 8. HP: 52/60 MP: 14/16
  4640 | D:5      | Noticed Prince Ribbit
  5055 | D:6      | Found a basalt altar of Yredelemnul.
  5281 | D:6      | Reached skill level 5 in Transmutations
  5305 | D:6      | Found a glowing drain.
  5341 | Sewer    | Entered a sewer
  5386 | Sewer    | Reached XP level 9. HP: 64/67 MP: 14/18
  5980 | D:6      | Found a shimmering blue altar of Sif Muna.
  6079 | D:6      | Found a snail-covered altar of Cheibriados.
  6080 | D:6      | Found an ancient bone altar of Kikubaaqudgha.
  6081 | D:6      | Found a shadowy altar of Dithmenos.
  6531 | D:5      | Killed Prince Ribbit
  6532 | D:5      | Reached skill level 5 in Fighting
  6542 | D:5      | Found a runed translucent door.
  6560 | D:5      | Noticed Dirian's ghost (novice MiBe)
  6562 | D:5      | Noticed a two-headed ogre
  6982 | D:7      | Reached skill level 8 in Unarmed Combat
  7399 | D:8      | Reached skill level 5 in Invocations
  7936 | D:8      | Noticed a manticore
  7959 | D:8      | HP: 2/68 [manticore (15)]
  7959 | D:8      | Mangled by a manticore

Illustrated notes

Levels and vault maps discovered:
D:1:      matt_arrival_refuge, layout_basic, serial_shops,
          nicolae_shop_advertising_works [nicolae_subvault_shop_adworks]
D:2:      layout_rooms, serial_forest, infiniplex_forest_end_3,
          infiniplex_forest_end_3, infiniplex_forest_lined_1,
          infiniplex_forest_side_room, infiniplex_forest_straight_2,
          infiniplex_forest_end_double, infiniplex_forest_lined_2,
          infiniplex_forest_lined_corner, infiniplex_forest_straight_2,
          grunt_ministairs_4, hangedman_decor_clover_reticule, corner_web_ring,
          corexii_item_surrounded_by_moat
D:3:      layout_basic, uniq_natasha, uniq_grinder, uniq_jessica, uniq_sigmund
D:4:      layout_cave_pods, minmay_temple_entry_arrows,
          gammafunk_ghost_necromancy
D:5:      layout_loops_corners, ebering_ghost_inner_flame, serial_shops,
          nicolae_square_shop, nicolae_underground_beach, uniq_prince_ribbit1,
          uniq_edmund
D:6:      layout_loops_ring, mainiacjoe_overflow_large_starburst, minitemple,
          portal_sewer_entry_a, lightli_orcish_oven
D:7:      layout_rooms
D:8:      layout_basic
Temple:   eino_temple_rhombus

Skill      XL: |  1  2  3  4  5  6  7  8  9 |
---------------+----------------------------+-----
Spellcasting   | 5 6 |  6.8
Invocations    | 1 2 3 4 5 |  5.0
Short Blades   | 1 2 3 4 |  4.5
Long Blades    | 1 2 3 4 |  4.5
Axes           | 1 2 3 4 |  4.5
Maces & Flails | 1 2 3 4 |  4.5
Polearms       | 1 2 3 4 |  4.5
Staves         | 1 2 3 4 |  4.5
Ranged Weapons | 1 2 3 4 |  4.5
Throwing       | 1 2 3 4 |  4.5
Armour         | 1 2 3 4 |  4.5
Stealth        | 1 2 3 4 |  4.5
Shields        | 1 2 3 4 |  4.5
Evocations     | 1 2 3 4 |  4.5
Conjurations   | 1 2 3 |  3.8
Hexes          | 1 2 3 |  3.8
Summonings     | 1 2 3 |  3.8
Necromancy     | 1 2 3 |  3.8
Translocations | 1 2 3 |  3.8
Fire Magic     | 1 2 3 |  3.8
Ice Magic      | 1 2 3 |  3.8
Air Magic      | 1 2 3 |  3.8
Earth Magic    | 1 2 3 |  3.8
Poison Magic   | 1 2 3 |  3.8
Fighting       | 3 4 5 |  5.3
Transmutations | 4 5 |  5.4
Dodging        | 5 6 |  6.5
Unarmed Combat | 7 8 |  8.1

Action                     |  1- 3 |  4- 6 |  7- 9 || total
---------------------------+-------+-------+-------++-------
  Melee: Unarmed           |    86 |    51 |   326 ||   463
         Punch             |     2 |       |     4 ||     6
         Bite              |     8 |     5 |    26 ||    39
         Headbutt          |     1 |    13 |    40 ||    54
         Kick              |     1 |     4 |    50 ||    55
   Cast: Beastly Appendage |     2 |     6 |    27 ||    35
         Spider Form       |       |       |     6 ||     6
  Evoke: Wand              |       |     6 |     1 ||     7
   Stab: Sleeping          |       |     4 |     1 ||     5
         Distracted        |       |     1 |     1 ||     2
 Armour: Robe              |     9 |    11 |     6 ||    26
         Chain mail        |     6 |       |       ||     6
         Ring mail         |       |       |    82 ||    82
         Skin              |       |       |     1 ||     1
  Dodge: Dodged            |    48 |    45 |   158 ||   251
  Block: Other             |       |     1 |    45 ||    46
         Reflection        |       |       |     4 ||     4
         Buckler           |       |       |    68 ||    68
